 Dungeon Crawl Stone Soup version 0.22-a0-268-g1cc83ef (webtiles) character file.

268 Zwobot the Sneak (level 6, 0/54 HPs)
             Began as an Octopode Enchanter on Mar 9, 2018.
             Was an Initiate of Ashenzari.
             Succumbed to a worker ant's poison
             ... on level 4 of the Dungeon.
             The game lasted 00:08:49 (3004 turns).

Zwobot the Sneak (Octopode Enchanter)               Turns: 3004, Time: 00:08:50

Health: 0/54       AC: 23    Str:  8    XL:     6   Next: 21%
Magic:  1/10       EV:  2    Int: 17    God:    Ashenzari [......]
Gold:   221        SH:  0    Dex: 14    Spells: 4/10 levels left

rFire    . . .     SeeInvis .   a - +1 dagger (curse)
rCold    . . .     Gourm    .   (no shield)
rNeg     + + +     Faith    .   (helmet currently unavailable)
rPois    +         Spirit   .   (no amulet)
rElec    .         Reflect  .   (no ring)
rCorr    .         Harm     .   (no ring)
MR       .....     NoTele   +   (no ring)
Stlth    +++.......             (no ring)
HPRegen  0.18/turn              (no ring)
MPRegen  0.12/turn              (no ring)
                                (no ring)
                                (no ring)

@: lethally poisoned (0 -> -5), tree-form, very slightly contaminated
A: almost no armour, stealthy swim, (amphibious), 8 rings, (constrict 8)
a: Curse Item, Renounce Religion


You were on level 4 of the Dungeon.
You worshipped Ashenzari.
Ashenzari was noncommittal.
You were not hungry.
You were a tree.
You visited 1 branch of the dungeon, and saw 4 of its levels.

You collected 221 gold pieces.

Inventory:

Hand Weapons
 a - a cursed +1 dagger (weapon)
 f - a +0 trident
 t - a +0 rapier
Missiles
 d - 80 bolts
 i - 148 stones
 l - 5 tomahawks
 n - 2 javelins (quivered)
 r - 16 sling bullets
Scrolls
 g - a scroll of remove curse
 h - 4 scrolls of immolation
 k - 5 scrolls of teleportation
 p - a scroll of noise
Potions
 e - a potion of haste
 j - a potion of cancellation
Comestibles
 c - 4 rations
 o - 2 chunks of flesh


   Skills:
 + Level 2.2 Short Blades
 * Level 3.8 Dodging
 + Level 5.0 Stealth
 + Level 2.7 Spellcasting
 * Level 4.4 Hexes


You had 4 spell levels left.
You knew the following spells:

 Your Spells              Type           Power        Failure   Level  Hunger
a - Ensorcelled Hibernat  Hex/Ice        #.....       11%         2    ##.....
b - Confuse               Hex            ###.....     9%          3    ###....
c - Corona                Hex            ###....      3%          1    #......


Dungeon Overview and Level Annotations

Branches:
Dungeon (4/15)             Temple (0/1) D:4

Altars:
Ashenzari
Sif Muna

Annotations:
D:4 Sigmund


Innate Abilities, Weirdness & Mutations

You cannot wear most types of armour.
You are very stealthy in the water. (Stealth+)
((You are amphibious.))
You can wear up to eight rings at the same time.
((You can use your tentacles to constrict eight enemies at once.))
((Your skin changes colour to match your surroundings (Stealth+).))
((Your rubbery body absorbs attacks. (AC +1, EV +1)))


Message History

It was a scroll of blinking.
* * * LOW HITPOINT WARNING * * *
You feel sick.
As you read the scroll labeled DOTUNA WIDIOJE, it crumbles to dust.
You feel aware of your surroundings.
You sensed 7 altars.
It was a scroll of magic mapping.
* * * LOW HITPOINT WARNING * * *
You feel sick.
You aren't carrying any items that you can evoke without wielding.
Throwing (i - inventory. (/) - cycle)
n - 3 javelins (quivered)
Press: ? - help, Shift-Dir - straight line, f/p - worker ant
Aim: a worker ant (black smoke, lightly wounded)
You throw a javelin. The javelin hits the worker ant.
Your attack snaps the worker ant out of its fear.
The worker ant is moderately wounded.
* * * LOW HITPOINT WARNING * * *
You feel sick.
You closely miss the worker ant.
The worker ant is moderately wounded.
You die...

#.#.#####.####
#####.#.....>.....
#.....###...######
#.##### ##.##
##..## #.# #....##
#.##### #...§≈#
#.....#
##..≈≈#####.###.###
*#♣§§≈≈#...........
#≈≈a≈≈≈###.####.###
#≈≈≈.≈## #.# #.#
##≈(≈## #.# #.#
##.## #.# #.#
**#+#** #.# ##.##
*8,,,8* #.###...##
*,,,,,* #.##.#.#.#
*,,>,,* #.........


You could see a worker ant.

Vanquished Creatures
  A centaur skeleton (D:4)
  2 orc wizards (D:3)
  2 worker ants (D:4)
  2 adders
  4 gnolls (D:3)
  An ooze (D:2)
  3 worms
  A dart slug (D:2)
  2 leopard geckos
  5 orcs
  3 bats
  3 giant cockroaches
  7 goblins
  5 hobgoblins (D:3)
  10 jackals
  A ball python (D:2)
  3 frilled lizards (D:4)
  A leopard gecko zombie (D:3)
  13 rats
69 creatures vanquished.

Notes
Turn   | Place    | Note
-------+----------+-------------------------------------------
     0 | D:1      | Zwobot the Octopode Enchanter began the quest for the Orb.
     0 | D:1      | Reached XP level 1. HP: 11/11 MP: 3/3
   499 | D:1      | Reached XP level 2. HP: 17/17 MP: 5/5
  1009 | D:2      | Reached XP level 3. HP: 21/21 MP: 6/6
  1459 | D:2      | Learned a level 2 spell: Ensorcelled Hibernation
  1463 | D:2      | Learned a level 3 spell: Confuse
  1511 | D:3      | Found a deep blue altar of Sif Muna.
  1521 | D:3      | Reached XP level 4. HP: 27/27 MP: 7/7
  1523 | D:3      | Identified Sif Muna's Disquisition on Augmentations
  1565 | D:3      | Found a shattered altar of Ashenzari.
  1733 | D:3      | Became a worshipper of Ashenzari the Shackled
  1972 | D:3      | Reached XP level 5. HP: 31/31 MP: 8/8
  2685 | D:4      | Reached XP level 6. HP: 36/36 MP: 8/10
  2713 | D:4      | Reached skill level 5 in Stealth
  2841 | D:4      | Noticed Sigmund
  3000 | D:4      | HP: 2/54 [poisoned by a worker ant]
  3004 | D:4      | Succumbed to a worker ant's poison

Vault maps used:
D:1:      dpeg_arrival_simpleton_b
D:3:      led_sif_book, ashenzari_altar_1
D:4:      grunt_temple_overflow_octagram, minmay_temple_entry_fiery,
          uniq_sigmund

Skill      XL: |  1  2  3  4  5  6 |
---------------+-------------------+-----
Dodging        | 3 |  3.8
Short Blades   | 2 |  2.2
Hexes          | 4 |  4.4
Stealth        | 5 |  5.0
Spellcasting   | |  2.7

Action                   |  1- 3 |  4- 6 || total
-------------------------+-------+-------++-------
Melee: Dagger            |    48 |    89 ||   137
       Constrict         |    11 |    18 ||    29
       Tentacles         |     7 |    17 ||    24
Throw: Stone             |       |     2 ||     2
       Javelin           |       |     1 ||     1
 Cast: Ensorcelled Hiber |       |    21 ||    21
       Confuse           |       |     1 ||     1
Invok: Curse Item        |       |     1 ||     1
  Use: Scroll            |     5 |     5 ||    10
       Potion            |       |     1 ||     1
 Stab: Sleeping          |    13 |    24 ||    37
  Eat: Chunk             |     2 |     6 ||     8
Armor: Skin              |     1 |    10 ||    11
Dodge: Dodged            |    17 |    66 ||    83

Table legend:
 A = Spawn XP
 B = Non-spawn XP
 C = Spawn XP percentage of total XP
 D = Spawn monster count
 E = Non-spawn monster count
 F = Spawn count percentage of total count
 G = Total turns spent on level
                    A         B        C        D         E        F      G
               +---------+---------+-------+---------+---------+-------+---------
         Total |       0 |     384 |   0.0 |       0 |      69 |   0.0 |  3004
               +---------+---------+-------+---------+---------+-------+---------
           D:1 |       0 |      11 |   0.0 |       0 |       7 |   0.0 |   577
           D:2 |       0 |      41 |   0.0 |       0 |      15 |   0.0 |   964
           D:3 |       0 |     201 |   0.0 |       0 |      35 |   0.0 |   993
           D:4 |       0 |     131 |   0.0 |       0 |      12 |   0.0 |   470
               +---------+---------+-------+---------+---------+-------+---------
